 Dungeon Crawl Stone Soup version 0.17.0-23-g0de4337 (console) character file.

8 gw the Vexing (level 2, 0/19 HPs)
             Began as a Human Enchanter on Nov 14, 2015.
             Slain by a gnoll
             ... wielding a +0 club
              (6 damage)
             ... on level 1 of the Dungeon.
             The game lasted 00:00:30 (372 turns).

gw the Vexing (Human Enchanter)                      Turns: 372, Time: 00:00:30

Health: 0/19       AC:  2    Str:  8    XL:     2   Next: 15%
Magic:  1/5        EV: 12    Int: 15    God:
Gold:   18         SH:  0    Dex: 13    Spells: 2 memorised, 2 levels left

rFire  . . .     SeeInvis .     a - +1 dagger
rCold  . . .     Clarity  .     g - +0 robe (curse)
rNeg   . . .     SustAt   .     (no shield)
rPois  .         Gourm    .     (no helmet)
rElec  .         Spirit   .     (no cloak)
rCorr  .         Warding  .     (no gloves)
rMut   .         Stasis   .     (no boots)
MR     .....                    (no amulet)
Stlth  ++........               (no ring)
                                (no ring)

@: not resistant to hostile enchantments, unstealthy
A: no striking features
a: no special abilities


You were on level 1 of the Dungeon.
You were not hungry.

You visited 1 branch of the dungeon, and saw 1 of its levels.

You collected 18 gold pieces.

Inventory:

Hand Weapons
 a - a +1 dagger (weapon)
Armour
 b - a +1 robe
 g - a cursed +0 robe (worn)
Scrolls
 e - a scroll of teleportation {unknown}
 f - a scroll of remove curse {unknown}
 h - a scroll of random uselessness {unknown}
Books
 c - a book of Maledictions

   Spells                             Type                      Level
   a - Corona                         Hexes                        1
   b - Ensorcelled Hibernation        Hexes/Ice                    2
   c - Confuse                        Hexes                        3
   d - Tukima's Dance                 Hexes                        3
   e - Dazzling Spray                 Conjuration/Hexes            3
Comestibles
 d - 2 bread rations


   Skills:
 + Level 1.2 Short Blades
 + Level 0.2 Armour
 - Level 2.0 Dodging
 - Level 3.0 Stealth
 * Level 2.2 Spellcasting
 + Level 3.2 Hexes


You had 2 spell levels left.
You knew the following spells:

 Your Spells              Type           Power        Failure   Level  Hunger
a - Corona                Hex            ##.....      8%          1    #......
b - Ensorcelled Hibernat  Hex/Ice        #.....       17%         2    ###....


Dungeon Overview and Level Annotations

Branches:
Dungeon (1/15)

Altars:


Message History

MOVING TO (0,-4) MOVING TO (0,-3) MOVING TO (-1,-2) MOVING TO (0,-1)
The gnoll stops glowing.
MOVING TO (-1,-3) MOVING TO (-1,-2) MOVING TO (0,-1) MOVING TO (3,-7) MOVING TO (3,-6) MOVING TO (3,-5) MOVING TO (2,-4) MOVING TO (2,-3) MOVING TO (2,-2) MOVING TO (2,-1)
The gnoll barely misses you.
MOVING TO (1,-1) MOVING TO (0,-1)
The gnoll hits you with a club.
You die...

....>......................
.........####.########.###.
.........# #...........
.........# #.......####
########.### #.###..### #
###........# #.##~...~###
....####.#.# #.#~7~.~7~##
.... #.#.# ##~7}7~7}7~#
....####.#p# .####~7...7~##
.........g.# ......~...~###
#..........+ ......~...~...
#..........########~.<.~#..
.............# #~...~#.#
........##.#.# #~...~# #
.........#.#.# #~7...P~.
.........#.# # #~7}7~P}P~#
.........#.# ..#~7~.~P~..


You could see a gnoll.

Table legend:
 A = Turns spent in this place as a percentage of turns spent in the entire game.
 B = Non-inter-level travel turns spent in this place as a percentage of non-inter-level travel turns spent in the entire game.
 C = Inter-level travel turns spent in this place as a percentage of turns spent in this place.
 D = Turns resting spent in this place as a percentage of non-inter-level travel turns spent in this place.
 E = Turns spent auto-exploring this place as a percentage of non-inter-level travel turns spent in this place.
 F = Non-inter-level travel turns spent in this place divided by the number of levels of this place that you've seen.
                   A       B       C       D       E      F
               +-------+-------+-------+-------+-------+----------------------
         Total | 100.0 | 100.0 |   0.0 |   1.7 |   1.8 | 595.0
       Dungeon | 100.0 | 100.0 |   0.0 |   1.7 |   1.8 | 595.0
               +-------+-------+-------+-------+-------+----------------------

Table legend:
 A = Kills in this place as a percentage of kills in entire the game.
 B = Kills by you in this place as a percentage of kills by you in the entire game.
 C = Kills by friends in this place as a percentage of kills by friends in the entire game.
 D = Other kills in this place as a percentage of other kills in the entire game.
 E = Experience gained in this place as a percentage of experience gained in the entire game.
 F = Experience gained in this place divided by the number of levels of this place that you have seen.
                   A       B       C       D       E      F
               +-------+-------+-------+-------+-------+----------------------
         Total | 100.0 | 100.0 |  -nan |  -nan | 100.0 |  12.0
       Dungeon | 100.0 | 100.0 |  -nan |  -nan | 100.0 |  12.0
               +-------+-------+-------+-------+-------+----------------------

Vanquished Creatures
  An ooze (D:1)
  A goblin (D:1)
  2 giant newts (D:1)
  A rat (D:1)
5 creatures vanquished.

Vanquished Creatures (others)
  4 toadstools (D:1)
4 creatures vanquished.

Grand Total: 9 creatures vanquished

Notes
Turn   | Place    | Note
--------------------------------------------------------------
     0 | D:1      | gw the Human Enchanter began the quest for the Orb.
     0 | D:1      | Reached XP level 1. HP: 13/13 MP: 3/3
   241 | D:1      | Reached XP level 2. HP: 19/19 MP: 5/5
   245 | D:1      | Learned a level 2 spell: Ensorcelled Hibernation
   372 | D:1      | Slain by a gnoll

Action                   || total
-------------------------++-------
Melee: Dagger            ||    10
 Cast: Corona            ||     5
       Ensorcelled Hiber ||     4
 Stab: Sleeping          ||     2

Vault maps used:
D:1:      ldierk_water_garden
